 Dungeon Crawl Stone Soup version 0.28-a0-194-g42b4daccc1 (webtiles) character file.

Game seed: 16542706032197577899

148751 Gunterle the Warrior (level 17, -8/169 HPs)
             Began as an Ogre Monk on Aug 18, 2021.
             Was the Champion of Hepliaklqana.
             Killed by the raging water
             ... invoked by a water nymph
              (31 damage)
             ... on level 4 of the Shoals.
             The game lasted 02:48:20 (52624 turns).

Gunterle the Warrior (Ogre Monk)                   Turns: 52624, Time: 02:48:20

Health: -8/169     AC: 15    Str: 19    XL:     17   Next: 49%
Magic:  26/26      EV: 13    Int: 19    God:    Hepliaklqana [******]
Gold:   471        SH: 10    Dex: 11    Spells: 15/20 levels left

rFire   + . .      SeeInvis .   I - +5 flail "Mica" {spect, rC++ Will+}
rCold   + + .      Faith    .   d - +0 kite shield
rNeg    + . .      Spirit   .   n - quicksilver dragon scales
rPois   .          Reflect  .   X - +0 hat {Int+3}
rElec   .          Harm     .   Z - +1 cloak
rCorr   .          Rampage  .   (gloves unavailable)
Will    +++..                   (boots unavailable)
Stlth   +.........              (no amulet)
HPRegen 0.38/turn               c - ring of positive energy
MPRegen 0.20/turn               G - ring of protection from fire

@: very slow
A: reduced essence, large, unfitting armour, tough skin 1
a: Renounce Religion, Recall Ancestor, Ancestor Identity, Transference, Idealise


You were on level 4 of the Shoals.
You worshipped Hepliaklqana.
Hepliaklqana was exalted by your worship.
You visited 5 branches of the dungeon, and saw 28 of its levels.
You also visited: Ossuary.

You collected 2308 gold pieces.
You spent 1837 gold pieces at shops.

Inventory:

Hand Weapons
 i - a +2 dire flail of holy wrath
 I - the +5 flail "Mica" (weapon) {spect, rC++ Will+}
   (You bought it in a shop on level 3 of the Dungeon)

   When its wielder attacks, the weapon's spirit leaps out and strikes again.
   The spirit shares a part of any damage it takes with its wielder.
   rC:        It greatly protects you from cold.
   Will:      It increases your willpower.
 T - the +8 trident of the Egg {elec, Fly rPois}
   (You found it on level 6 of the Lair of Beasts)

   It occasionally discharges a powerful burst of electricity upon striking a
   foe.
   rPois:     It protects you from poison.
   Fly:       It grants you flight.
Missiles
 e - 76 boomerangs (quivered)
 f - 8 silver boomerangs
 m - 73 poisoned darts
 u - 24 javelins
 w - 13 large rocks
 C - 7 throwing nets
 J - 23 silver javelins
 K - 3 curare-tipped darts
 Q - 8 boomerangs of dispersal
Armour
 d - a +0 kite shield (worn)
 n - quicksilver dragon scales (worn)
 q - a +1 robe of resistance
 x - the -4 tower shield "Tyaj" {rPois}
   (You bought it in a shop on level 3 of the Dungeon)

   rPois:     It protects you from poison.
 L - the +1 cloak of Alejuig {Drain rElec rC- rN+++}
   (You found it on level 2 of the Shoals)

   rC:        It makes you vulnerable to cold.
   rElec:     It insulates you from electricity.
   rN:        It renders you almost immune to negative energy.
   Drain:     It drains your maximum health when unequipped.
 V - a +2 robe of positive energy
 X - a +0 hat of intelligence (worn)
 Z - a +1 cloak (worn)
Magical Staves
 v - a staff of air
Jewellery
 c - a ring of positive energy (left hand)
 s - a ring of resist corrosion
 t - a ring of fire
 z - a ring of ice
 G - a ring of protection from fire (right hand)
Wands
 b - a wand of charming (30)
 h - a wand of iceblast (20)
 E - a wand of digging (2)
 H - a wand of acid (5)
 O - a wand of flame (29)
 S - a wand of paralysis (21)
 U - a wand of mindburst (22)
Scrolls
 a - 5 scrolls of magic mapping
 j - 2 scrolls of teleportation
 k - 3 scrolls of identify
 o - a scroll of amnesia
 p - a scroll of enchant weapon
 r - a scroll of summoning
 y - a scroll of fog
 B - 2 scrolls of enchant armour
Potions
 g - 5 potions of lignification
 l - 4 potions of flight
 A - a potion of cancellation
 D - 5 potions of curing
 F - 3 potions of magic
 M - 13 potions of ambrosia
 N - 3 potions of brilliance
 W - a potion of haste
 Y - a potion of resistance


   Skills:
 + Level 16.5 Fighting
 + Level 15.5 Maces & Flails
 + Level 4.0 Throwing
 + Level 7.6 Armour
 + Level 14.4 Dodging
 - Level 1.4 Stealth
 - Level 9.4 Shields
 + Level 2.0 Spellcasting
 + Level 1.5 Hexes
 + Level 1.4 Air Magic
 + Level 12.7 Invocations


You had 15 spell levels left.
You knew the following spells:

 Your Spells              Type           Power      Damage    Failure   Level
a - Silence               Hex/Air        3%         N/A       99%         5

Your spell library contained the following spells:

 Spells                   Type           Power      Damage    Failure   Level
 Slow                     Hex            7%         N/A       22%         2
 Animate Skeleton         Necr           2%         N/A       26%         1
 Pain                     Necr           4%         1d4       26%         1
 Confusing Touch          Hex            7%         N/A       38%         3
 Portal Projectile        Hex/Tloc       8%         N/A       52%         3
 Mephitic Cloud           Conj/Pois/Air  3%         N/A       56%         3
 Call Canine Familiar     Summ           1%         N/A       63%         3
 Ignite Poison            Fire/Tmut/Pois 1%         N/A       63%         3
 Ozocubu's Armour         Ice            1%         N/A       63%         3
 Vampiric Draining        Necr           0%         2d6       63%         3
 Cause Fear               Hex            3%         N/A       80%         4
 Leda's Liquefaction      Hex/Erth       2%         N/A       89%         4
 Metabolic Englaciation   Hex/Ice        2%         N/A       99%         5
 Bolt of Magma            Conj/Fire/Erth 0%         4d4       100%        5
 Conjure Ball Lightning   Conj/Air       2%         3x3d6     100%        6
 Simulacrum               Ice/Necr       0%         N/A       100%        6
 Discord                  Hex            3%         N/A       100%        8
 Disjunction              Tloc           0%         N/A       100%        8


Dungeon Overview and Level Annotations

Branches:
Dungeon (15/15)            Temple (1/1) D:7            Lair (6/6) D:9
 Shoals (4/4) Lair:4        Snake (0/4) Lair:2        Slime (0/5) Lair:6
    Orc (2/2) D:11            Elf (0/3) Orc:2        Vaults (0/5) D:14
 Depths (0/5) D:15        Ossuary (visited)

Altars:
Ashenzari
Cheibriados
Dithmenos
Elyvilon
Fedhas
Gozag
Hepliaklqana
Kikubaaqudgha
Makhleb
Nemelex Xobeh
Okawaru
Qazlal
Ru
Sif Muna
Trog
Uskayaw
Vehumet
Wu Jian
Xom
Yredelemnul
Zin
The Shining One
Beogh

Shops:
D:3 (?([   Orc:2 *[[*:   Shoals:4 !

Annotations:
D:10 1 runed translucent door, Sekuso's ghost, novice DjAE
Lair:3 exclusion: 2 oklob plants


Innate Abilities, Weirdness & Mutations

Your life essence is reduced to manifest your ancestor. (-10% HP)
You are too large for most types of armour.
You have tough skin. (AC +1)


Message History

The tentacle dies!
Something touches Ælfthryth.
You enter the shallow water.
Moving in this stuff is going to be slow.
The water nymph casts a spell at you. The water swirls and strikes you!
You block the merfolk impaler's attack. You block the merfolk impaler's attack.
The merfolk impaler hits you with a +0 trident!
Unknown command.
You hit the merfolk impaler.
The merfolk impaler is lightly wounded.
Your +5 flail "Mica" {spect, rC++ Will+} hits the merfolk impaler!
The water nymph flows with the water.
Splash!
You fall into the shallow water.
Moving in this stuff is going to be slow.
The merfolk impaler hits you with a +0 trident! Ælfthryth hits the merfolk impaler with a +0 dagger of draining.
You closely miss the merfolk impaler.
The merfolk impaler is moderately wounded.
Your +5 flail "Mica" {spect, rC++ Will+} hits the merfolk impaler!
The merfolk impaler hits you with a +0 trident!
* * * LOW HITPOINT WARNING * * *
The water nymph touches you!
* * * LOW HITPOINT WARNING * * *
The water nymph drowns you!
* * * LOW HITPOINT WARNING * * *
You barely miss the merfolk impaler.
The merfolk impaler is heavily wounded.
Your +5 flail "Mica" {spect, rC++ Will+} hits the merfolk impaler!
The merfolk impaler closely misses you. Ælfthryth gestures at the merfolk impaler while chanting.
The merfolk impaler resists with some effort.
Unknown command.
You thump the merfolk impaler!
The merfolk impaler is severely wounded.
Your +5 flail "Mica" {spect, rC++ Will+} closely misses the merfolk impaler.
The water nymph points at you and mumbles some strange words.
The water swirls and strikes you!!
You die...

≈≈≈≈.....≈≈≈≈≈≈≈≈≈≈≈≈≈≈≈##§§§≈≈≈≈
≈≈≈≈≈.)..≈≈≈≈≈≈≈≈≈≈≈≈≈≈≈.§§§§≈≈≈≈
≈≈≈≈≈....≈≈≈≈≈≈≈≈≈≈≈≈≈≈≈.§§§§≈≈≈.
≈≈≈≈≈≈...≈≈≈≈≈≈≈≈≈≈≈≈≈≈.≈≈≈≈≈≈≈≈.
≈≈≈≈≈≈≈≈.≈≈≈≈≈≈≈≈≈≈≈≈≈≈≈≈≈≈≈≈≈≈≈.
≈≈≈≈≈≈≈≈≈≈≈≈≈≈≈≈≈≈≈#######≈≈≈≈≈≈.
≈≈≈≈≈≈≈≈≈≈≈≈≈≈≈≈≈≈##≈≈ ≈≈##≈≈≈≈≈≈
≈≈≈≈≈≈≈≈≈≈≈≈≈≈≈≈≈##≈≈≈..# ##≈≈≈≈≈
≈≈≈≈≈≈≈≈≈≈≈≈≈≈≈(@#≈≈≈≈≈. #≈#≈≈≈≈≈
≈≈≈≈≈≈≈≈≈mm#.≈#≈# ≈.≈#≈≈≈≈≈
≈≈≈≈≈≈≈R≈#≈≈X≈##≈≈ #≈≈≈≈≈
≈≈≈≈≈≈≈≈#.≈≈≈≈≈≈.≈#≈≈≈≈≈
≈≈≈≈≈≈≈≈#≈#≈≈≈#≈*w#≈≈≈≈≈
≈≈≈≈≈≈.≈≈#.#w≈≈≈≈##≈≈≈≈≈
≈≈≈≈≈≈≈.≈≈#≈≈≈w≈# ≈≈≈≈≈≈
≈≈≈≈≈≈≈≈≈≈≈# ≈≈≈≈≈≈≈≈≈≈≈≈≈≈≈≈≈≈


You could see the friendly Ælfthryth the hexer, a merfolk impaler (ally target),
a water nymph and a friendly +5 flail "Mica" {spect, rC++ Will+} (summoned).

Vanquished Creatures
  Rupert (D:12)
  A kraken (Shoals:1)
  Kirke (Lair:3)
  Donald (D:11)
  Ilsuiw (Shoals:1)
  Snorg (Lair:4)
  A merfolk javelineer (Shoals:4)
  An ettin (D:14)
  4 merfolk impalers
  Erolcha (Orc:1)
  2 ogre magi (D:15)
  A boulder beetle (D:12)
  2 hydras
  2 merfolk aquamancers (Shoals:1)
  3 centaur warriors
  A death knight (D:15)
  An alligator snapping turtle (Shoals:3)
  9 two-headed ogres
  2 tengu warriors
  4 orc high priests
  6 death yaks
  Nergalle (D:12)
  6 sea snakes
  Sonja (Lair:4)
  A fire crab (Lair:5)
  A wizard (D:14)
  9 harpies
  A necromancer (D:15)
  Pikel (D:8)
  2 deep elf pyromancers (D:15)
  6 orc knights
  11 ugly things
  A deep elf zephyrmancer (D:14)
  3 orc sorcerers
  7 manticores
  2 cyclopes
  5 fauns
  A salamander (Lair:6)
  An elephant (shapeshifter) (D:13)
  15 elephants
  Maurice (D:8)
  3 torpor snails
  12 merfolk sirens
  5 water nymphs
  A black mamba (Lair:3)
  2 naga magi (D:15)
  Joseph (Lair:1)
  Maggie (Lair:1)
  5 cane toads
  4 rime drakes
  A freezing wraith (D:14)
  13 komodo dragons
  Psyche (D:8)
  2 tengu conjurers (D:14)
  A queen bee (D:10)
  3 polar bears
  3 trolls
  2 hornets
  Prince Ribbit (D:6)
  A wolf spider simulacrum (D:14)
  19 merfolk
  10 slime creatures
  A blink frog (shapeshifter) (D:14)
  Grinder (D:6)
  A raiju (shapeshifter) (D:13)
  11 wind drakes
  6 blink frogs
  11 dream sheep
  9 snapping turtles
  8 water elementals
  A spriggan (shapeshifter) (D:12)
  A shadow (D:11)
  A centaur simulacrum (D:12)
  2 vampires (D:12)
  2 wraiths
  65 yaks
  A hog (shapeshifter) (D:13)
  3 basilisks
  A yak (shapeshifter) (D:14)
  3 steam dragons
  2 vampire mosquitoes (D:11)
  5 wargs
  Menkaure (D:6)
  An acid dragon (D:10)
  19 water moccasins
  27 orc warriors
  3 black bears
  A sky beast (D:6)
  2 necrophages
  A black bear (shapeshifter) (D:14)
  2 lemures (D:8)
  9 ogres
  17 centaurs
  6 wolves
  2 phantoms (D:4)
  8 bullfrogs
  4 kobold brigands
  A gnoll sergeant (D:9)
  A hornet simulacrum (D:15)
  4 wights (D:8)
  26 killer bees
  3 electric eels
  A howler monkey (D:12)
  A bullfrog zombie (D:5)
  6 centaur zombies
  2 jellies
  4 hounds
  35 orc priests
  2 centaur skeletons
  2 gnoll shamans
  3 iguanas
  23 orc wizards
  Terence (D:2)
  2 hell rats (D:9)
  A mummy (Ossuary)
  A hound skeleton (D:4)
  18 gnolls
  A howler monkey skeleton (D:4)
  A river rat (D:9)
  5 adders
  2 white imps (D:7)
  An ufetubus (D:6)
  2 adder skeletons (D:4)
  2 dart slugs
  67 orcs
  3 spectral bats (Ossuary)
  12 ball pythons
  10 endoplasms
  2 giant cockroaches
  12 gnoll zombies (Ossuary)
  8 goblins
  6 hobgoblins
  2 jackals
  25 kobolds
  5 quokkas
  7 bats
  3 bat simulacra (Ossuary)
  5 frilled lizards
  5 goblin simulacra (Ossuary)
  5 goblin zombies (Ossuary)
  7 hobgoblin zombies (Ossuary)
  2 kobold simulacra (Ossuary)
  3 kobold zombies (Ossuary)
  3 orc zombies (Ossuary)
  A quokka zombie (D:7)
  9 rats
  3 rat simulacra (Ossuary)
  A rat zombie (D:7)
  2 spectral goblins (Ossuary)
  4 spectral kobolds (Ossuary)
  6 spectral rats (Ossuary)
  A bush (Lair:5)
  4 tentacles
825 creatures vanquished.

Vanquished Creatures (collateral kills)
  3 merfolk javelineers
  A hydra (D:13)
  An ogre mage (D:15)
  2 merfolk avatars
  A centaur warrior (D:14)
  An alligator snapping turtle (Shoals:2)
  3 death yaks
  2 orc high priests (Orc:1)
  3 two-headed ogres (D:15)
  A sea snake (Shoals:4)
  A harpy (Shoals:4)
  3 manticores
  2 ugly things
  A merfolk siren (Shoals:2)
  A centaur zombie (D:15)
  A black mamba (Lair:6)
  4 elephants
  3 cane toads
  2 unseen horrors (D:12)
  A rime drake (Lair:6)
  A komodo dragon (Lair:6)
  4 merfolk
  2 wind drakes
  A snapping turtle (Shoals:4)
  A blink frog (Lair:6)
  A dream sheep (Lair:4)
  3 slime creatures
  A wyvern (Lair:6)
  A vampire (D:13)
  2 water elementals
  16 yaks
  2 wargs
  2 water moccasins (Lair:1)
  6 orc warriors
  2 ogres (D:15)
  2 centaurs
  A wolf (Lair:4)
  A bullfrog (Lair:5)
  3 killer bees
  A wight (D:8)
  4 orc priests (Orc:2)
  A hell rat (D:9)
  2 orc wizards
  11 orcs
  3 kobolds
  A rat (D:9)
  A tentacle (Shoals:4)
113 creatures vanquished.

Vanquished Creatures (others)
  2 humans (Lair:4)
  A centaur (Lair:4)
  33 hexers
  A bush (Lair:6)
  40 fungi
  138 plants
  13 tentacles
228 creatures vanquished.

Grand Total: 1166 creatures vanquished

Notes
Turn   | Place    | Note
-------+----------+-------------------------------------------
     0 | D:1      | Gunterle the Ogre Monk began the quest for the Orb.
     0 | D:1      | Reached XP level 1. HP: 24/24 MP: 1/1
   120 | D:1      | Reached XP level 2. HP: 30/32 MP: 2/2
   682 | D:1      | Found a faded altar of an unknown god.
   755 | D:1      | Reached XP level 3. HP: 34/40 MP: 3/3
  1879 | D:2      | Noticed Terence
  1893 | D:2      | Killed Terence
  1894 | D:2      | Reached XP level 4. HP: 46/49 MP: 4/4
  2345 | D:3      | Found Obamoir's Weapon Shop.
  2467 | D:3      | Found an ornate altar of the Wu Jian Council.
  2709 | D:3      | Found Eteceojy's Antique Weapon Shoppe.
  2743 | D:3      | Found Nicsodea's Magic Scroll Emporium.
  2766 | D:3      | Bought a scroll of noise for 13 gold pieces
  2789 | D:3      | Found Ruahiemp's Armour Boutique.
  2801 | D:3      | Bought the -4 tower shield "Tyaj" {rPois} for 1 gold piece
  3365 | D:3      | Reached skill level 5 in Fighting
  3365 | D:3      | Reached XP level 5. HP: 57/57 MP: 5/5
  3675 | D:4      | Noticed a necrophage
  3691 | D:4      | Killed a necrophage
  3692 | D:4      | Reached XP level 6. HP: 43/66 MP: 6/6
  3845 | D:4      | Reached skill level 5 in Maces & Flails
  4040 | D:4      | Reached skill level 6 in Fighting
  4211 | D:4      | Reached XP level 7. HP: 46/75 MP: 7/7
  4936 | D:5      | Entered Level 5 of the Dungeon
  5362 | D:5      | Noticed a wraith
  5367 | D:4      | Killed a wraith
  5419 | D:5      | Found a radiant altar of Vehumet.
  5680 | D:4      | Reached skill level 7 in Fighting
  5680 | D:4      | Reached XP level 8. HP: 55/87 MP: 8/8
  6047 | D:5      | Reached skill level 5 in Dodging
  6483 | D:6      | Found a shimmering altar of Xom.
  6496 | D:6      | Found a sparkling altar of Nemelex Xobeh.
  6769 | D:3      | Bought a warped flail for 229 gold pieces
  6769 | D:3      | Identified the +5 flail "Mica" {spect, rC++ Will+} (You
                  | bought it in a shop on level 3 of the Dungeon)
  6786 | D:3      | Bought a scroll of identify for 26 gold pieces
  6786 | D:3      | Bought a scroll of identify for 26 gold pieces
  6786 | D:3      | Bought a scroll of identify for 26 gold pieces
  6975 | D:6      | Noticed Menkaure
  6985 | D:6      | Killed Menkaure
  7194 | D:6      | Noticed Grinder
  7202 | D:6      | Killed Grinder
  7266 | D:6      | Reached skill level 8 in Fighting
  7700 | D:6      | Noticed Prince Ribbit
  7710 | D:6      | Killed Prince Ribbit
  7711 | D:6      | Reached XP level 9. HP: 87/97 MP: 9/9
  8014 | D:7      | Found a hide-covered altar of Uskayaw.
  8060 | D:7      | Found a sand-covered staircase.
  8075 | Ossuary  | Entered an ossuary
  8579 | D:7      | Found a staircase to the Ecumenical Temple.
  8589 | Temple   | Entered the Ecumenical Temple
  8782 | Temple   | Became a worshipper of Hepliaklqana the Forgotten
  8782 | Temple   | Reached * piety under Hepliaklqana
  8782 | Temple   | Reached ** piety under Hepliaklqana
  8961 | D:7      | Remembered your ancestor Ælfthryth as a hexer
  9129 | D:7      | Reached skill level 1 in Invocations
  9210 | D:7      | Found a shimmering altar of Xom.
  9251 | D:7      | Reached skill level 9 in Fighting
 10266 | D:8      | Noticed Pikel
 10276 | D:8      | Killed Pikel
 10277 | D:8      | Reached XP level 10. HP: 69/99 MP: 12/12
 10487 | D:8      | Noticed Psyche
 10492 | D:8      | Killed Psyche
 10493 | D:8      | Reached skill level 10 in Fighting
 10505 | D:8      | Reached *** piety under Hepliaklqana
 10620 | D:8      | Noticed Maurice
 10625 | D:8      | Killed Maurice
 10955 | D:8      | Found a glowing silver altar of Zin.
 11178 | D:8      | Reached skill level 10 in Maces & Flails
 11536 | D:9      | Reached skill level 5 in Invocations
 11746 | D:9      | Identified the +0 leather armour of Claustrophobia {rPois}
 11753 | D:9      | Noticed a death yak
 11758 | D:9      | Noticed a death yak
 11764 | D:9      | Noticed a death yak
 11772 | D:9      | Killed a death yak
 11773 | D:9      | Reached XP level 11. HP: 46/107 MP: 13/15
 12180 | D:9      | Reached **** piety under Hepliaklqana
 12195 | D:9      | Found a staircase to the Lair.
 12417 | D:9      | Killed a death yak
 12418 | D:9      | Reached skill level 11 in Fighting
 12437 | D:9      | Killed a death yak
 12818 | D:10     | Entered Level 10 of the Dungeon
 12825 | D:10     | Noticed a two-headed ogre
 12835 | D:10     | Killed a two-headed ogre
 13186 | D:10     | You fall into a shaft and drop 1 floor!
 14171 | D:10     | Found a runed translucent door.
 14171 | D:10     | Identified the +6 spear of Dim Light {drain, Int+3}
 14172 | D:10     | Noticed Sekuso's ghost (novice DjAE)
 14625 | D:10     | Reached skill level 1 in Shields
 15393 | D:11     | Noticed a green ugly thing
 15404 | D:11     | Killed a green ugly thing
 16024 | D:11     | Found a staircase to the Orcish Mines.
 16575 | D:12     | Noticed Rupert
 16684 | Orc:1    | Entered Level 1 of the Orcish Mines
 16707 | Orc:1    | Reached XP level 12. HP: 118/118 MP: 17/17
 16707 | Orc:1    | Noticed Erolcha
 16724 | Orc:1    | Killed Erolcha
 17020 | Orc:1    | Reached skill level 12 in Fighting
 17814 | Orc:2    | Entered Level 2 of the Orcish Mines
 17818 | Orc:2    | Noticed an orc high priest
 18039 | Orc:1    | Killed an orc high priest
 18902 | Orc:1    | Reached ***** piety under Hepliaklqana
 19698 | Orc:2    | Noticed a two-headed ogre
 19706 | Orc:2    | Killed a two-headed ogre
 19871 | Orc:2    | Found Asaet's Assorted Antiques.
 19886 | Orc:2    | Bought a scroll labelled KAPPIRGH JOOSH for 31 gold pieces
 19906 | Orc:2    | Noticed Donald
 20240 | Orc:1    | HP: 3/119 [Donald (37)]
 20816 | D:3      | Bought a scroll of acquirement for 676 gold pieces
 20816 | D:3      | Bought a scroll of summoning for 123 gold pieces
 20816 | D:3      | Bought a scroll of identify for 26 gold pieces
 20833 | D:3      | Acquired a manual of Dodging
 20930 | Lair:1   | Entered Level 1 of the Lair of Beasts
 21100 | Lair:1   | Noticed Joseph
 21115 | Lair:1   | Killed Joseph
 21120 | Lair:1   | Reached skill level 5 in Shields
 21529 | Lair:1   | Found a broken altar of Ashenzari.
 22348 | Lair:1   | Noticed Maggie
 22355 | Lair:1   | Killed Maggie
 22392 | Lair:1   | Reached XP level 13. HP: 126/126 MP: 19/19
 22985 | Lair:2   | Paralysed by a hornet for 3 turns
 23793 | Lair:2   | Found a staircase to the Snake Pit.
 23936 | Lair:2   | Reached skill level 13 in Fighting
 24551 | Lair:3   | Reached skill level 10 in Dodging
 25749 | Lair:4   | Noticed Kirke
 25760 | Lair:3   | Killed Kirke
 25768 | Lair:4   | Noticed Snorg
 26313 | Lair:4   | Killed Snorg
 26368 | Lair:4   | Noticed Sonja
 27150 | Lair:4   | Killed Sonja
 27254 | Lair:4   | Reached XP level 14. HP: 100/137 MP: 21/21
 27691 | Lair:4   | Found a staircase to the Shoals.
 27885 | Lair:4   | Reached ****** piety under Hepliaklqana
 29334 | Lair:6   | Entered Level 6 of the Lair of Beasts
 29753 | Lair:6   | HP: 1/138 [wind drake/the air (19)]
 30224 | Lair:6   | Reached skill level 14 in Fighting
 30878 | Lair:6   | Reached skill level 10 in Invocations
 31481 | Lair:6   | Identified the +8 trident of the Egg {elec, Fly rPois}
 31485 | Lair:6   | Got Sif Muna's Reference Book on Malediction
 31569 | Lair:6   | Reached skill level 1 in Throwing
 31975 | Lair:6   | Found a staircase to the Slime Pits.
 32372 | Lair:6   | Reached XP level 15. HP: 108/148 MP: 22/22
 33507 | D:11     | Killed Donald
 34141 | Orc:2    | Found a staircase to the Elven Halls.
 36448 | Orc:2    | Found Puile's Armour Shoppe.
 36451 | Orc:2    | Found Liotiq's General Store.
 36452 | Orc:2    | Found Lawn's Armour Shoppe.
 36453 | Orc:2    | Found Xuyrozet's Book Shoppe.
 36464 | Orc:2    | Bought quicksilver dragon scales for 660 gold pieces
 36774 | D:12     | Killed Rupert
 36864 | D:12     | Reached skill level 1 in Armour
 37004 | D:12     | Noticed Nergalle
 37011 | D:12     | Killed Nergalle
 38064 | D:13     | Reached skill level 15 in Fighting
 39511 | D:14     | Found a shadowy altar of Dithmenos.
 40013 | D:14     | Found a gate to the Vaults.
 40245 | D:14     | Reached XP level 16. HP: 22/158 MP: 24/24
 40802 | D:15     | Entered Level 15 of the Dungeon
 41522 | D:15     | Reached skill level 15 in Maces & Flails
 41947 | D:15     | Reached skill level 5 in Armour
 43163 | D:15     | Found a staircase to the Depths.
 43677 | Shoals:1 | Entered Level 1 of the Shoals
 45378 | Shoals:1 | Reached skill level 16 in Fighting
 45701 | Shoals:1 | Noticed a kraken
 45724 | Shoals:1 | Killed a kraken
 46275 | Shoals:2 | Noticed Ilsuiw
 47263 | Shoals:1 | Killed Ilsuiw
 47264 | Shoals:1 | Reached XP level 17. HP: 116/168 MP: 26/26
 47997 | Shoals:2 | Identified the +1 cloak of Alejuig {Drain rElec rC- rN+++}
 48769 | Shoals:2 | Learned a level 5 spell: Silence
 49394 | Shoals:4 | Entered Level 4 of the Shoals
 49712 | Shoals:3 | Reached skill level 1 in Spellcasting
 50126 | Shoals:4 | Reached skill level 1 in Hexes
 50801 | Shoals:4 | Reached skill level 1 in Air Magic
 51312 | Shoals:4 | Identified the +6 rapier "Kulaad" {vamp, Fragile rPois rC+
                  | Str+3}
 51363 | Shoals:4 | Found Suost's Distillery.
 51882 | Shoals:4 | Noticed a kraken
 51909 | Shoals:4 | HP: 2/169 [merfolk javelineer/javelin (13)]
 52624 | Shoals:4 | Killed from afar by a water nymph

Illustrated notes

Levels and vault maps discovered:
D:1:      dpeg_arrival_rooms_a, layout_basic, basic_ecumenical_altar
D:2:      minmay_chambers_of_twos, layout_basic, uniq_terence
D:3:      kb_forest_paths, layout_basic, old_standard_altar, serial_shops,
          nicolae_shop_statue_plus, nicolae_shop_waterfront,
          nicolae_square_shop, shop
D:4:      layout_cave_pools, amethyst_killhole
D:5:      layout_cave_pools, mainiacjoe_overflow_tiny_flanked
D:6:      layout_basic, xom_teletrap_fun, nemelex_diamond_rough_becter,
          uniq_menkaure, uniq_prince_ribbit1, uniq_grinder
D:7:      layout_rooms, minmay_temple_entry_sparse_star, enter_ossuary_4,
          hangedman_feature_mirror
D:8:      layout_cave_pods, zin_academy, uniq_psyche, uniq_maurice, uniq_pikel
D:9:      layout_irregular_city, dpeg_lair_monsters
D:10:     minmay_flawed_box, layout_loops_ring, special_room [special_room_bee],
          ebering_ghost_funeral_grove, grunt_decor_one_mirror
D:11:     layout_stronghold, david_orc_1_choice
D:12:     layout_roguey, uniq_nergalle, uniq_rupert
D:13:     layout_roguey
D:14:     layout_irregular_city, david_vaults_4, nicolae_dithmenos_shadow_blocks
D:15:     grunt_enter_depths_magical_seal, layout_irregular_city,
          minmay_door_square
Temple:   minmay_crystal_spiral_temple
Lair:1:   layout_regular_city, basic_altar, serial_bayou_shore_b, uniq_maggie,
          uniq_joseph
Lair:2:   layout_cave_pods, dummy_snake_entry, serial_bayou_shore_b,
          grunt_megastairs_4
Lair:3:   layout_regular_city, minmay_lair_oklob_chamber,
          infiniplex_staircase_pool, grunt_megastairs_3, lemuel_fruit_fields
Lair:4:   layout_gridlike, minmay_shoals_entry_centaurs, uniq_snorg, uniq_kirke,
          uniq_sonja
Lair:5:   layout_loops_ring
Lair:6:   gammafunk_lair_ancient_temple, layout_gridlike, slime_dummy,
          serial_bayou_shore_a
Shoals:1: layout_shoals
Shoals:2: layout_shoals, nicolae_shoals_loop_pool, uniq_ilsuiw
Shoals:3: layout_shoals
Shoals:4: shoals_end_hangedman, layout_shoals, serial_shops, shop,
          abandoned_shop
Orc:1:    layout_caves, minmay_orc_temple_a, uniq_erolcha
Orc:2:    st_orc_pillars, layout_caves, serial_shops, shop_fountains,
          uniq_donald

Skill      XL: |  1  2  3  4  5  6  7  8  9 10 11 12 13 14 15 16 17 |
---------------+----------------------------------------------------+-----
Maces & Flails | 3 4 5 6 7 9 10 11 12 13 14 15 | 15.5
Dodging        | 3 4 5 6 7 8 9 10 11 13 14 | 14.4
Fighting       | 5 6 7 8 9 10 11 12 13 14 15 16 | 16.5
Invocations    | 3 5 6 8 9 10 11 12 | 12.7
Shields        | 2 5 7 9 |  9.4
Throwing       | 2 3 4 |  4.0
Armour         | 3 6 7 |  7.6
Spellcasting   | 2 |  2.0
Hexes          | 1 |  1.5
Air Magic      | 1 |  1.4
Stealth        | |  1.4

Action                   |  1- 3 |  4- 6 |  7- 9 | 10-12 | 13-15 | 16-18 || total
-------------------------+-------+-------+-------+-------+-------+-------++-------
Melee: Mace              |   109 |    33 |       |       |       |       ||   142
       Unarmed           |     7 |       |       |       |       |       ||     7
       Whip              |       |   119 |   126 |       |       |       ||   245
       Flail             |       |       |   225 |   505 |   914 |   616 ||  2260
Throw: Dart              |     5 |    23 |    13 |    15 |     2 |     4 ||    62
       Stone             |     1 |       |       |       |       |       ||     1
       Javelin           |       |       |     6 |       |       |       ||     6
       Boomerang         |       |       |       |       |       |    14 ||    14
Invok: Ancestor Life: He |       |       |     1 |       |       |       ||     1
       Recall Ancestor   |       |       |       |     9 |    13 |     6 ||    28
       Transference      |       |       |       |       |     1 |       ||     1
Evoke: Wand              |       |       |     1 |     6 |    25 |    23 ||    55
  Use: Scroll            |     2 |     5 |    10 |    13 |     9 |    11 ||    50
       Potion            |       |       |     4 |     7 |     8 |    10 ||    29
 Stab: Sleeping          |     4 |     3 |     5 |       |       |       ||    12
       Distracted        |       |       |     2 |     9 |    28 |    15 ||    54
       Confused          |       |       |       |     7 |    12 |     6 ||    25
       Invisible         |       |       |       |       |     5 |       ||     5
       Paralysed         |       |       |       |       |    17 |    36 ||    53
Armor: Robe              |    28 |    49 |    45 |   122 |       |       ||   244
       Steam dragon scal |       |       |     4 |    10 |   169 |    24 ||   207
       Quicksilver drago |       |       |       |       |       |   101 ||   101
Dodge: Dodged            |    53 |    77 |   160 |   290 |   374 |   229 ||  1183
Block: Kite shield       |       |       |       |       |   157 |   218 ||   375

Table legend: (Time is in decaauts)
 A = Elapsed time spent in this place.
 B = Non-inter-level travel time spent in this place.
 C = Inter-level travel time spent in this place.
 D = Time resting spent in this place.
 E = Time spent auto-exploring this place.
 F = Levels seen in this place.
 G = Mean time per level.
                   A        B        C        D        E       F      G
               +--------+--------+--------+--------+--------+-----+--------+
         Total |  52614 |  49604 |   3010 |  24451 |  16410 |  29 | 1814.3 |
       Dungeon |  25040 |  23098 |   1942 |   9740 |   9589 |  15 | 1669.3 |
        Temple |    212 |    119 |     93 |      0 |    117 |   1 |  212.0 |
          Lair |  12928 |  12260 |    668 |   6074 |   4300 |   6 | 2154.7 |
        Shoals |   8674 |   8530 |    144 |   5262 |   1350 |   4 | 2168.5 |
  Orcish Mines |   5317 |   5155 |    162 |   3273 |   1027 |   2 | 2658.5 |
       Ossuary |    440 |    440 |      0 |    100 |     26 |   1 |  440.0 |
               +--------+--------+--------+--------+--------+-----+--------+

Top non-repeatable levels by time:
    D:11: 3340 daAuts
   Orc:1: 3325 daAuts
  Lair:6: 2909 daAuts
Shoals:1: 2742 daAuts
Shoals:3: 2386 daAuts
  Lair:5: 2314 daAuts
    D:15: 2302 daAuts
    D:14: 2263 daAuts
    D:10: 2184 daAuts
     D:3: 2115 daAuts
  Lair:3: 2101 daAuts
  Lair:1: 2001 daAuts
   Orc:2: 1992 daAuts
Shoals:2: 1928 daAuts
     D:9: 1862 daAuts
